 Dungeon Crawl Stone Soup version 0.29.1-4-g47bece8355 (webtiles) character file.

Game seed: 7542995057215881472

5056 venomsnake the Fighter (level 10, -1/97 HPs)
             Began as a Minotaur Berserker on Dec 8, 2022.
             Was an Elder of Trog.
             Succumbed to Amaemon's poison
             ... on level 8 of the Dungeon on Dec 9, 2022.
             The game lasted 00:50:04 (9590 turns).

venomsnake the Fighter (Minotaur Berserker)         Turns: 9590, Time: 00:50:05

Health: -1/97      AC: 11    Str: 26    XL:     10   Next: 31%
Magic:  9/9        EV: 15    Int:  4    God:    Trog [****..]
Gold:   578        SH:  5    Dex: 10    Spells: 9/9 levels left

rFire   + . .      SeeInvis .   x - +0 war axe
rCold   x . .      Faith    .   (no shield)
rNeg    . . .      Spirit   .   t - +0 chain mail
rPois   .          Reflect  +   (helmet restricted)
rElec   .          Harm     .   (no cloak)
rCorr   .          Rampage  .   (no gloves)
Will    .....                   (no boots)
Stlth   ..........              e - amulet of reflection
HPRegen 0.26/turn               v - +4 ring of evasion
MPRegen 0.11/turn               A - ring of fire

@: lethally poisoned (-1 -> -4), on berserk cooldown, slowed, very slow
A: horns 2, retaliatory headbutt
a: Renounce Religion, Berserk, Trog's Hand, Brothers in Arms


You were on level 8 of the Dungeon.
You worshipped Trog.
Trog was greatly pleased with you.
You visited 1 branch of the dungeon, and saw 8 of its levels.
You also visited: Bailey.

You collected 578 gold pieces.

Inventory:

Hand Weapons
 x - a +0 war axe (weapon)
Missiles
 c - 141 stones (quivered)
 B - a throwing net
Armour
 s - a +0 buckler of protection
 t - a +0 chain mail (worn)
Jewellery
 e - an amulet of reflection (around neck)
 v - a +4 ring of evasion (left hand)
 A - a ring of fire (right hand)
Wands
 u - a wand of quicksilver (23)
 E - a wand of polymorph (5)
Scrolls
 a - a scroll of summoning {unknown}
 f - a scroll of immolation {unknown}
 h - 2 scrolls of magic mapping
 k - 4 scrolls of teleportation
 m - 2 scrolls of vulnerability {unknown}
 p - a scroll of fear {unknown}
 r - 2 scrolls of butterflies {unknown}
 y - a scroll of noise {unknown}
 z - a scroll of brand weapon {unknown}
Potions
 b - 3 potions of lignification {unknown}
 d - 6 potions of heal wounds
 g - 7 potions of curing
 i - 4 potions of magic {unknown}
 j - a potion of brilliance {unknown}
 l - 3 potions of berserk rage
 n - a potion of degeneration {unknown}
 o - 3 potions of might {unknown}
 q - 4 potions of flight {unknown}
 w - 2 potions of mutation {unknown}
 C - a potion of haste
 D - a potion of attraction {unknown}


   Skills:
 * Level 12.0 Fighting
 + Level 9.0 Axes
 + Level 8.5 Armour
 + Level 7.8 Dodging


You had 9 spell levels left.
You didn't know any spells.
Your spell library was empty.

Dungeon Overview and Level Annotations

Branches:
Dungeon (8/15)             Temple (0/1) D:4          Bailey (visited)
   Lair: D:8-11

Altars:
Elyvilon
Kikubaaqudgha
Makhleb
Nemelex Xobeh
Okawaru
Qazlal
Trog
Uskayaw
Wu Jian
Zin
The Shining One

Shops:
D:8 [*[[[


Innate Abilities, Weirdness & Mutations

You have a pair of horns on your head.
You reflexively headbutt those who attack you in melee.


Message History

Amaemon closely misses you. You block Amaemon's attack.
You slash Amaemon!
You kill Amaemon!
Trog accepts your kill.
Trog appreciates your killing of a magic user.
The scorpion disappears in a puff of smoke! x3
* * * LOW HITPOINT WARNING * * *
You feel very sick.
Your Fighting skill increases to level 12!
Your Axes skill increases to level 9!
You start resting.
* * * LOW HITPOINT WARNING * * *
You feel sick.
You feel a strong urge to attack something.
* * * LOW HITPOINT WARNING * * *
You feel very sick.
Your surroundings suddenly seem different.
* * * LOW HITPOINT WARNING * * *
You feel sick.
You start resting.
You feel your anger nearly subside.
You are no longer berserk.
You are exhausted.
You feel yourself slow down.
* * * LOW HITPOINT WARNING * * *
You feel sick.
There is a lethal amount of poison in your body!
There is a lethal amount of poison in your body!
There is a lethal amount of poison in your body!
Unknown command.
Unknown command.
* * * LOW HITPOINT WARNING * * *
You feel very sick.
* * * LOW HITPOINT WARNING * * *
You feel sick.
There is a lethal amount of poison in your body!
There is a lethal amount of poison in your body!
There is a lethal amount of poison in your body!
* * * LOW HITPOINT WARNING * * *
You feel sick.
You die...

***,*****,,,,,...#.....##........
,,,,,,,,,,,,,,...'...............
*,*,,,,,,,,,,,,.)#.....##........
*,*,,,,,,,,******#.....##........
*,*,,,.....# #....####'##.###
#,#..,.....#######....#§###......
#.#.#*#....#.^.......####Z#......
..#.#*#....#.......###..####.....
.....,,...,#....@..#.#._.....'###
#.#.#**#'#*#.......###..####.....
.,#.####'###...∩....#####Z###.###
###....[............# #.####...#.
'..[...).)..######### ### #.....
####........#### #..PPP
.......###.(...# ##..∩. .......#
##.[..###### #.P.. .......#
#....#....# #....


There were no monsters in sight!

Vanquished Creatures
  Amaemon (D:8)
  Joseph (D:8)
  Maggie (D:7)
  2 kobold demonologists (D:7)
  Prince Ribbit (D:7)
  2 steam dragons
  3 water moccasins
  3 black bears
  5 ogres
  3 phantoms
  3 kobold brigands
  A bullfrog (D:4)
  A necrophage (D:8)
  2 scorpions
  5 wights (D:8)
  2 howler monkeys (D:8)
  5 jellies
  2 orc priests (D:7)
  Crazy Yiuf (D:7)
  6 hounds
  2 gnoll boudas
  2 iguanas (D:5)
  2 orc wizards
  11 gnolls
  4 adders
  3 shadow imps
  2 white imps
  2 ufetubi
  A worm (D:4)
  27 orcs
  6 endoplasms
  3 giant cockroaches
  8 goblins
  5 hobgoblins
  4 jackals (D:3)
  17 kobolds
  5 quokkas
  2 ball pythons
  4 bats
  4 frilled lizards
  3 rats
167 creatures vanquished.

Vanquished Creatures (others)
  An orc wizard (D:8)
  2 plants (D:8)
3 creatures vanquished.

Grand Total: 170 creatures vanquished

Notes
Turn   | Place    | Note
-------+----------+-------------------------------------------
     0 | D:1      | venomsnake the Minotaur Berserker began the quest for the
                  | Orb.
     0 | D:1      | Reached XP level 1. HP: 19/19 MP: 0/0
   721 | D:2      | Reached XP level 2. HP: 20/27 MP: 1/1
   867 | D:2      | Reached skill level 4 in Fighting
  1574 | D:3      | Reached XP level 3. HP: 33/33 MP: 2/2
  1864 | D:3      | Found a glowing golden altar of the Shining One.
  1871 | D:3      | Found a white marble altar of Elyvilon.
  1873 | D:3      | Found a glowing silver altar of Zin.
  1955 | D:3      | Found a hide-covered altar of Uskayaw.
  2057 | D:3      | Found a stormy altar of Qazlal.
  2117 | D:3      | Reached ** piety under Trog
  2242 | D:3      | Found a bloodstained altar of Trog.
  2248 | D:3      | Reached XP level 4. HP: 41/41 MP: 3/3
  2668 | D:2      | Reached skill level 5 in Fighting
  2695 | D:3      | Reached XP level 5. HP: 39/48 MP: 4/4
  2811 | D:4      | Noticed an ogre
  2943 | D:4      | Found a burning altar of Makhleb.
  2954 | D:4      | Found a staircase to the Ecumenical Temple.
  2955 | D:4      | Noticed an ogre
  2985 | D:4      | Killed an ogre
  3019 | D:4      | Reached XP level 6. HP: 57/57 MP: 5/5
  3138 | D:4      | Reached skill level 5 in Axes
  3166 | D:4      | Reached skill level 6 in Fighting
  3556 | D:4      | Found a sparkling altar of Nemelex Xobeh.
  3652 | D:4      | You fall into a shaft and drop 2 floors!
  3680 | D:6      | Reached XP level 7. HP: 13/64 MP: 6/6
  4139 | D:5      | Entered Level 5 of the Dungeon
  4250 | D:5      | Reached skill level 7 in Fighting
  4268 | D:5      | Reached skill level 5 in Armour
  4749 | D:5      | Found an iron altar of Okawaru.
  4868 | D:5      | Reached skill level 5 in Dodging
  4868 | D:5      | Reached XP level 8. HP: 69/74 MP: 7/7
  4918 | D:5      | Reached skill level 8 in Fighting
  5114 | D:5      | Reached *** piety under Trog
  5660 | D:6      | Found the +7 sceptre of Torment {pain, torment}
  5792 | D:6      | Found an ancient bone altar of Kikubaaqudgha.
  6393 | D:7      | Noticed Maggie
  6425 | D:7      | Killed Maggie
  6426 | D:7      | Reached skill level 9 in Fighting
  6506 | D:7      | Noticed Prince Ribbit
  6548 | D:7      | Killed Prince Ribbit
  6549 | D:7      | Reached XP level 9. HP: 69/85 MP: 8/8
  6670 | D:7      | Found a flagged portal.
  6760 | D:7      | Identified the +2 leather armour of the Hanged Man
                  | {*Corrode rPois Int+5}
  6862 | Bailey   | Entered a bailey
  7236 | D:7      | Reached skill level 10 in Fighting
  7247 | D:7      | Noticed a kobold demonologist
  7255 | D:7      | Noticed a kobold demonologist
  7257 | D:7      | Killed a kobold demonologist
  7259 | D:7      | Noticed a sun demon
  7268 | D:7      | Noticed an ice devil
  7269 | D:7      | Killed a kobold demonologist
  7727 | D:7      | Reached skill level 11 in Fighting
  8043 | D:7      | Found a runed translucent door.
  8043 | D:7      | Noticed Crazy Yiuf
  8391 | D:7      | Killed Crazy Yiuf
  8484 | D:8      | Found Nuxeg's Antique Armour Shoppe.
  8508 | D:8      | Found an ornate altar of the Wu Jian Council.
  8544 | D:8      | Found Zaturch's Antique Armour Emporium.
  8555 | D:8      | Found Hoalunit's General Store.
  8814 | D:8      | Found Zejor's Armour Shoppe.
  8814 | D:8      | Identified the +4 morningstar of Due Proportion {flame,
                  | Str-3 Int+6}
  8817 | D:8      | Noticed Joseph
  8822 | D:8      | Reached **** piety under Trog
  8840 | D:8      | Killed Joseph
  8841 | D:8      | Reached XP level 10. HP: 7/96 MP: 9/9
  8909 | D:8      | Noticed Amaemon
  9337 | D:8      | Found Hoburu's Armour Shop.
  9573 | D:8      | Noticed an orange demon
  9582 | D:8      | Killed Amaemon
  9583 | D:8      | Reached skill level 12 in Fighting
  9587 | D:8      | HP: 3/97 [poisoned by Amaemon]
  9588 | D:8      | HP: 1/97 [poisoned by Amaemon]
  9590 | D:8      | Succumbed to Amaemon's poison

Illustrated notes

Levels and vault maps discovered:
D:1:      dpeg_arrival_pond, layout_basic, minmay_misc_feat_chi,
          minmay_fountain_box
D:2:      layout_loops_ring
D:3:      layout_basic, dreamdust_divine_triumvirate,
          nicolae_qazlal_eye_of_the_storm, overflow_temple_1_default,
          trog_butcher_becter, minmay_misc_feat_hallway
D:4:      minmay_chambers_of_fours, layout_loops_ring,
          mainiacjoe_overflow_alcove_1, bloody_makhleb,
          minmay_temple_entry_wispy, grunt_ministairs_13
D:5:      layout_basic, kennysheep_okawaru_gauntlet, dreamdust_wishing_well
D:6:      layout_cave_pools, nicolae_kikubaaqudgha_miasma_corner, serial_rivers,
          chequers_serial_rivers_large_a, chequers_serial_rivers_small_b,
          chequers_serial_rivers_micro_c, chequers_serial_rivers_micro_b,
          chequers_serial_rivers_large_b, chequers_serial_rivers_room_b
D:7:      layout_layer_cave, enter_bailey_8, nrook_mini_vaults,
          chequers_serial_rivers_small_b, uniq_crazy_yiuf_cottage, uniq_maggie,
          uniq_prince_ribbit1
D:8:      layout_basic, pdpol_wu_jian_five_deadly_venoms, serial_shops,
          kennysheep_mini, shop, nicolae_shop_overgrown_old_shop,
          nicolae_stop_n_shop_1, shop_coins, uniq_joseph, uniq_amaemon

Skill      XL: |  1  2  3  4  5  6  7  8  9 10 |
---------------+-------------------------------+-----
Fighting       | 4 5 6 7 9 11 12 | 12.0
Axes           | 4 5 6 7 8 9 |  9.0
Armour         | 3 4 5 6 8 |  8.5
Dodging        | 3 4 5 6 7 |  7.8

Action                   |  1- 3 |  4- 6 |  7- 9 | 10-12 || total
-------------------------+-------+-------+-------+-------++-------
Melee: Hand axe          |    80 |    95 |     9 |       ||   184
       Headbutt          |    15 |    19 |    53 |    10 ||    97
       War axe           |       |       |   277 |    36 ||   313
       Punch             |       |       |     4 |       ||     4
Invok: Berserk           |       |       |     1 |     1 ||     2
       Trog's Hand       |       |       |     1 |       ||     1
  Use: Scroll            |       |       |     7 |     2 ||     9
Armor: Animal skin       |     2 |       |       |       ||     2
       Scale mail        |    19 |    11 |       |       ||    30
       Chain mail        |       |    17 |    99 |    14 ||   130
Dodge: Dodged            |    40 |    43 |   190 |    30 ||   303
Block: Other             |     9 |    21 |    73 |    12 ||   115
       Reflection        |       |       |     2 |       ||     2
